 Dungeon Crawl Stone Soup version 0.29.1-15-g9cfb28693d (webtiles) character file.

Game seed: 1576601900805015374

429 112233 the Magician (level 6, -15/36 HPs)
             Began as an Octopode Fire Elementalist on Feb 23, 2023.
             Was an Initiate of Gozag.
             Demolished by an ogre
             ... wielding a +0 giant spiked club
              (28 damage)
             ... on level 5 of the Dungeon.
             The game lasted 00:04:08 (4648 turns).

112233 the Magician (Octopode Fire Elementalist)    Turns: 4648, Time: 00:04:08

Health: -15/36     AC:  8    Str:  7    XL:     6   Next: 98%
Magic:  11/15      EV: 13    Int: 20    God:    Gozag
Gold:   190        SH:  0    Dex: 12    Spells: 11/18 levels left

rFire   . . .      SeeInvis .   o - +0 dagger (protect)
rCold   . . .      Faith    .   (no shield)
rNeg    . . .      Spirit   .   (helmet restricted)
rPois   .          Reflect  .   (no amulet)
rElec   .          Harm     .   (no ring)
rCorr   .          Rampage  .   (no ring)
Will    .....                   (no ring)
Stlth   ++........              (no ring)
HPRegen 0.12/turn               (no ring)
MPRegen 0.14/turn               (no ring)
                                (no ring)
                                (no ring)

@: silenced, gold aura, under a protective aura
A: almost no armour, amphibious, 8 rings, camouflage 1, gelatinous body 1,
(nimble swimmer 1), tentacles
a: Renounce Religion


You were on level 5 of the Dungeon.
You worshipped Gozag.
Gozag was aware of your devotion.
You visited 1 branch of the dungeon, and saw 5 of its levels.
You also visited: Sewer.

You collected 270 gold pieces.
You paid 80 gold pieces to Gozag.

Inventory:

Hand Weapons
 d - a +0 dagger
 o - a +0 dagger of protection (weapon)
Missiles
 m - a throwing net
Armour
 c - a +0 tower shield
Scrolls
 e - 3 scrolls of identify
 l - 2 scrolls of noise
 n - a scroll of teleportation {unknown}
 p - 2 scrolls of fear {unknown}
 q - a scroll of summoning {unknown}
Potions
 a - a potion of degeneration {unknown}
 f - a potion of lignification
 h - 2 potions of curing
 i - a potion of heal wounds {unknown}
 j - 2 potions of haste {unknown}
 k - a potion of brilliance {unknown}
 r - a potion of flight {unknown}
 s - a potion of mutation {unknown}


   Skills:
 - Level 2.0 Dodging
 - Level 2.7 Stealth
 + Level 6.6 Spellcasting
 - Level 1.0 Conjurations
 - Level 3.0 Fire Magic


You had 11 spell levels left.
You knew the following spells:

 Your Spells              Type           Power      Damage    Failure   Level
a - Foxfire               Conj/Fire      56%        2x1d6     4%          1
b - Scorch                Fire           36%        2d7       4%          2
c - Flame Wave            Conj/Fire      14%        2d6       38%         4

Your spell library contained the following spells:

 Spells                   Type           Power      Damage    Failure   Level
 Beastly Appendage        Tmut           12%        N/A       10%         1
 Static Discharge         Conj/Air       8%         3-4/arc   12%         2
 Conjure Flame            Conj/Fire      14%        6-21      13%         3
 Wereblood                Tmut           6%         N/A       16%         2
 Inner Flame              Hex/Fire       12%        N/A       16%         3
 Spider Form              Tmut/Pois      6%         N/A       30%         3
 Lightning Bolt           Conj/Air       4%         1d15      91%         5
 Maxwell's Capacitive Co  Air            3%         ∞         100%        8


Dungeon Overview and Level Annotations

Branches:
Dungeon (5/15)              Sewer (visited)
 Temple: D:4-7

Altars:
Ashenzari
Gozag
Ru

Annotations:
D:2 Robin
D:3 exclusion: upstairs
D:4 Ijyb


Innate Abilities, Weirdness & Mutations

You cannot wear most types of armour.
You are amphibious.
You can wear up to eight rings at the same time.
Your skin changes colour to match your surroundings (Stealth+).
Your rubbery body absorbs attacks. (AC +1, EV +1)
((You are camouflaged when in or above water. (Stealth+)))
You have tentacles for arms and can constrict up to eight enemies at once.


Message History

A profound silence engulfs you.
It was a scroll of silence.
The hound barely misses you. The hound bites you.
Unknown command.
You feel better. The hound bites you.
Really quaff the potion of lignification?
Okay, then.
You miss the hound. Your grab misses the hound. You squeeze the hound.
The hound is heavily wounded.
The hound is no longer more vulnerable to fire.
The hound closely misses you. The hound misses you.
You hit the hound.
Your weapon exudes an aura of protection.
Your grab misses the hound. Your squeeze misses the hound.
The hound is severely wounded.
The hound closely misses you.
You miss the hound. You grab the hound.
The hound is severely wounded.
You constrict the hound. The hound misses you. The hound closely misses you.
You hit the hound.
You squeeze the hound, but do no damage.
The hound is almost dead.
You constrict the hound, but do no damage.
The hound closely misses you.
You hit the hound but do no damage. You squeeze the hound.
You kill the hound!
You hit the ogre.
The ogre is lightly wounded.
The ogre misses you.
You closely miss the ogre. Your squeeze misses the ogre.
The ogre is lightly wounded.
You hit the ogre.
The ogre is lightly wounded.
The ogre hits you with a +0 giant spiked club!!
Ouch! That really hurt!
* * * LOW HITPOINT WARNING * * *
You feel better.
The ogre hits you with a +0 giant spiked club!!
Ouch! That really hurt!
You die...
Your body crumbles into a pile of gold.

.....n####.#.#*<,,,,,.##.****,,*
+##..####..#.#*,,,,,,.#.,.***,,*
..#..#.##.##.#*,,,,,...,..,,,,,*
_.#.##.......#*,,,,,..#$..*,**,*
..###..##.####*,####...#.#*,**,*
###...##.#.## *,,.........,,,,,*
....###.###.##***#.......#*,****
...###.#* ##.#####........,,*
.####.#* ##...@O5......#*** ##
##,** *#.#####.#......,,* ** ##
**,**#.#* **......#.#*,****, .##
**,#.#* *,###.....#*,**,,*
..#######.#* *,* *.....#*,**,**
.......###* *,***,.####*,**,**
..####.# **,,,*,#****,**,,* .##
*.# *,,,*,,,,,,,**,,, ######.###
*,,,**********,,,


You could see an ogre and a shadow imp (unsilenced).

Vanquished Creatures
  Pargi (Sewer)
  A necrophage (D:5)
  2 hounds (D:5)
  A jelly (D:5)
  An iguana (D:3)
  3 gnolls (D:4)
  5 adders
  An ufetubus (D:5)
  2 worms
  2 dart slugs
  8 orcs
  9 bats
  5 endoplasms
  3 giant cockroaches
  5 goblins
  2 hobgoblins
  A quokka (D:1)
  2 ball pythons
  4 frilled lizards
  8 kobolds
  A rat (D:3)
67 creatures vanquished.

Vanquished Creatures (others)
  229 foxfires
  5 fungi (D:3)
  9 plants (D:3)
243 creatures vanquished.

Grand Total: 310 creatures vanquished

Notes
Turn   | Place    | Note
-------+----------+-------------------------------------------
     0 | D:1      | 112233 the Octopode Fire Elementalist began the quest for
                  | the Orb.
     0 | D:1      | Reached XP level 1. HP: 11/11 MP: 3/3
   497 | D:1      | Reached XP level 2. HP: 17/17 MP: 1/5
   627 | D:1      | Learned a level 2 spell: Scorch
  1429 | D:2      | Reached skill level 3 in Spellcasting
  1429 | D:2      | Reached XP level 3. HP: 4/21 MP: 0/7
  2086 | D:2      | Noticed Robin
  2343 | D:3      | Reached skill level 4 in Spellcasting
  2343 | D:3      | Reached XP level 4. HP: 27/27 MP: 0/10
  2693 | D:3      | Found a glowing drain.
  2726 | Sewer    | Entered a sewer
  2894 | Sewer    | Noticed Pargi
  2914 | Sewer    | Killed Pargi
  2915 | Sewer    | Reached skill level 5 in Spellcasting
  2915 | Sewer    | Reached XP level 5. HP: 19/31 MP: 5/12
  3594 | D:3      | Found a faded altar of an unknown god.
  3804 | D:4      | Found an opulent altar of Gozag.
  3881 | D:4      | Became a worshipper of Gozag Ym Sagoz the Greedy
  3954 | D:4      | Reached XP level 6. HP: 25/36 MP: 5/14
  4169 | D:4      | Found a sacrificial altar of Ru.
  4172 | D:4      | Noticed Ijyb
  4194 | D:5      | Entered Level 5 of the Dungeon
  4357 | D:5      | Found a broken altar of Ashenzari.
  4393 | D:5      | Reached skill level 6 in Spellcasting
  4582 | D:5      | Noticed an ice beast
  4591 | D:5      | Learned a level 4 spell: Flame Wave
  4648 | D:5      | Demolished by an ogre

Illustrated notes

Levels and vault maps discovered:
D:1:      kilobyte_arrival_exit_the_forest, layout_loops_cross,
          grunt_decor_clamped
D:2:      cheibrodos_greedy_goblins, layout_loops_ring, uniq_robin
D:3:      layout_basic, dreamdust_ecumenical_altar_grove,
          cheibrodos_sewer_entry_bend, chequers_serial_rivers_large_a
D:4:      kennysheep_spiral_hall, layout_loops_corners,
          mainiacjoe_overflow_24_doors, mainiacjoe_overflow_small_starburst,
          hellmonk_ghost_happy_afterlife, nicolae_ossuary_entry_false_entrances,
          uniq_menkaure, uniq_ijyb, uniq_natasha
D:5:      layout_loops_cross, lemuel_zombie_altar_yredelemnul,
          mainiacjoe_overflow_alcove_1, nicolae_ashenzari_skybound,
          uniq_crazy_yiuf_cottage, uniq_sigmund

Skill      XL: |  1  2  3  4  5  6 |
---------------+-------------------+-----
Spellcasting   | 3 4 5 6 |  6.6
Dodging        | |  2.0
Stealth        | |  2.7
Conjurations   | |  1.0
Fire Magic     | |  3.0

Action                   |  1- 3 |  4- 6 || total
-------------------------+-------+-------++-------
Melee: Dagger            |     4 |    15 ||    19
       Constrict         |     1 |     1 ||     2
       Tentacles         |       |     3 ||     3
 Cast: Foxfire           |    54 |    86 ||   140
       Scorch            |     7 |    31 ||    38
  Use: Potion            |       |     9 ||     9
       Scroll            |       |     3 ||     3
Armor: Skin              |     5 |    49 ||    54
Dodge: Dodged            |    11 |    53 ||    64
